 Dungeon Crawl Stone Soup version 0.21.1-1-g345015f (webtiles) character file.

1172 aMcNicky the Cleaver (level 8, -6/70 HPs)
             Began as a Hill Orc Fighter on Mar 21, 2018.
             Mangled by Duvessa
             ... wielding a +3 rapier of electrocution
              (9 damage)
             ... on level 5 of the Dungeon.
             The game lasted 00:10:48 (5087 turns).

aMcNicky the Cleaver (Hill Orc Fighter)             Turns: 5087, Time: 00:10:49

Health: -6/70      AC: 12    Str: 21    XL:     8   Next: 41%
Magic:  8/8        EV:  9    Int:  8    God:
Gold:   197        SH: 10    Dex: 10    Spells: 7/7 levels left

rFire    . . .     SeeInvis .   a - +0 war axe
rCold    . . .     Gourm    .   c - +0 shield
rNeg     . . .     Faith    .   i - quicksilver dragon scales
rPois    .         Spirit   .   l - +0 helmet
rElec    .         Reflect  .   (no cloak)
rCorr    +         Harm     .   (no gloves)
MR       +....                  (no boots)
Stlth    ..........             (no amulet)
HPRegen  0.21/turn              o - ring of resist corrosion
MPRegen  0.11/turn              (no ring)

@: no status effects
A: no striking features
a: no special abilities


You were on level 5 of the Dungeon.
You were hungry.

You visited 1 branch of the dungeon, and saw 5 of its levels.

You collected 197 gold pieces.

Inventory:

Hand Weapons
 a - a +0 war axe (weapon)
Armour
 c - a +0 shield (worn)
 i - quicksilver dragon scales (worn)
 l - a +0 helmet (worn)
Jewellery
 o - a ring of resist corrosion (left hand)
Wands
 b - a wand of flame (28)
 p - a wand of polymorph (5)
 A - a wand of paralysis (15)
Scrolls
 e - a scroll of blinking {unknown}
 j - 7 scrolls of identify {unknown}
 k - 5 scrolls of remove curse {unknown}
 m - 2 scrolls of immolation {unknown}
 n - 2 scrolls of fog {unknown}
 t - a scroll of teleportation {unknown}
 v - 3 scrolls of magic mapping {unknown}
Potions
 g - 2 potions of heal wounds {unknown}
 h - a potion of curing {unknown}
 q - a potion of haste {unknown}
 r - a potion of flight {unknown}
 s - a potion of agility {unknown}
 u - 2 potions of lignification {unknown}
 w - 2 potions of mutation {unknown}
 x - a potion of degeneration {unknown}
 z - a potion of resistance {unknown}
Books
 y - a book of Necromancy

   Spells                             Type                      Level
   a - Pain                           Necromancy                   1
   b - Animate Skeleton               Necromancy                   1
   c - Vampiric Draining              Necromancy                   3
   d - Regeneration                   Charms/Necromancy            3
   e - Animate Dead                   Necromancy                   4
   f - Borgnjor's Vile Clutch         Necromancy/Earth             5
Comestibles
 d - 4 chunks of flesh
 f - 10 rations


   Skills:
 + Level 6.2 Fighting
 * Level 8.3 Axes
 + Level 5.8 Armour
 + Level 0.9 Dodging
 + Level 5.7 Shields


You had 7 spell levels left.
You didn't know any spells.

Dungeon Overview and Level Annotations

Branches:
Dungeon (5/15)
 Temple: D:4-7

Altars:
Ashenzari
Cheibriados
Elyvilon
Gozag
Kikubaaqudgha
Nemelex Xobeh
Yredelemnul

Annotations:
D:5 Duvessa


Message History

Duvessa is heavily wounded.
Duvessa barely misses you.
You hit Duvessa.
Duvessa is severely wounded.
You hit the worker ant. Duvessa hits you but does no damage.
You block the worker ant's attack. x2
Duvessa hits you with a rapier of electrocution.
* * * LOW HITPOINT WARNING * * *
You barely miss Duvessa.
Duvessa is severely wounded.
You slash the worker ant! Duvessa hits you but does no damage.
You block the worker ant's attack.
You slash Duvessa!
Duvessa is severely wounded.
You slash the worker ant!
You kill the worker ant!
Duvessa hits you but does no damage.
You are electrocuted!
* * * LOW HITPOINT WARNING * * *
Duvessa hits you with a rapier of electrocution!
You die...

.....................
.).....##..###....#
......####..##..#.#
.....## #......#.#
.##### #.....#..# #.#
##..##...#######. .##
..................
#.#
###.....e##...###.
### #....##.@###.e# .
#.#....#.# ....
#.##.#...# ... ..
#.##..# .. #... .
..#. .. .# ... ..


You could see Duvessa (berserk).

Vanquished Creatures
  Edmund (D:4)
  A sky beast (D:5)
  2 ogres
  Dowan (D:5)
  2 crimson imps
  A bullfrog skeleton (D:4)
  A jelly (D:5)
  2 hounds
  2 iguanas
  5 worker ants
  2 hound skeletons (D:4)
  9 adders
  14 gnolls
  An ooze (D:1)
  2 worms (D:2)
  2 dart slugs (D:1)
  6 leopard geckos
  7 orcs
  A ball python (D:1)
  6 bats
  6 giant cockroaches
  2 gnoll zombies (D:2)
  15 goblins
  6 hobgoblins
  22 jackals
  3 quokkas
  10 frilled lizards
  6 kobolds
  A leopard gecko skeleton (D:5)
  A quokka skeleton (D:4)
  6 rats
146 creatures vanquished.

Notes
Turn   | Place    | Note
-------+----------+-------------------------------------------
     0 | D:1      | aMcNicky the Hill Orc Fighter began the quest for the Orb.
     0 | D:1      | Reached XP level 1. HP: 19/19 MP: 1/1
   225 | D:1      | Reached skill level 3 in Axes
   225 | D:1      | Reached XP level 2. HP: 27/27 MP: 2/2
   556 | D:1      | Reached XP level 3. HP: 29/33 MP: 3/3
  1062 | D:2      | Reached skill level 4 in Axes
  1170 | D:2      | Reached XP level 4. HP: 30/40 MP: 4/4
  1441 | D:2      | Found a basalt altar of Yredelemnul.
  1724 | D:2      | Found a sparkling altar of Nemelex Xobeh.
  1724 | D:2      | Found an opulent altar of Gozag.
  1919 | D:2      | Reached XP level 5. HP: 45/47 MP: 5/5
  2222 | D:3      | Reached skill level 5 in Axes
  2773 | D:3      | Found an ancient bone altar of Kikubaaqudgha.
  2962 | D:3      | Reached XP level 6. HP: 53/53 MP: 6/6
  3298 | D:3      | Found a snail-covered altar of Cheibriados.
  3298 | D:3      | Found a shattered altar of Ashenzari.
  3356 | D:4      | Noticed Edmund
  3401 | D:4      | Killed Edmund
  3401 | D:4      | Reached skill level 5 in Fighting
  3401 | D:4      | Reached skill level 6 in Axes
  3486 | D:4      | Reached XP level 7. HP: 44/61 MP: 7/7
  3571 | D:4      | Found a white marble altar of Elyvilon.
  3765 | D:4      | Reached skill level 5 in Armour
  3783 | D:4      | Reached skill level 5 in Shields
  3908 | D:4      | Reached skill level 7 in Axes
  4602 | D:5      | Entered Level 5 of the Dungeon
  4617 | D:5      | Reached XP level 8. HP: 66/70 MP: 8/8
  4667 | D:5      | Reached skill level 8 in Axes
  5047 | D:5      | Noticed Dowan
  5057 | D:5      | Killed Dowan
  5075 | D:5      | Noticed Duvessa
  5087 | D:5      | HP: 3/70 [Duvessa/rapier of electrocution (17)]
  5087 | D:5      | Mangled by Duvessa

Skill      XL: |  1  2  3  4  5  6  7  8 |
---------------+-------------------------+-----
Axes           | 3 4 5 6 7 8 |  8.3
Fighting       | 4 5 6 |  6.2
Armour         | 4 5 |  5.8
Shields        | 4 5 |  5.7
Dodging        | |  0.9

Action                   |  1- 3 |  4- 6 |  7- 9 || total
-------------------------+-------+-------+-------++-------
Melee: War axe           |   112 |   250 |   198 ||   560
  Use: Potion            |       |     1 |       ||     1
  Eat: Chunk             |     1 |     8 |     5 ||    14
Armor: Scale mail        |    32 |       |       ||    32
       Quicksilver drago |    26 |   193 |    72 ||   291
Dodge: Dodged            |    45 |   119 |    52 ||   216
Block: Shield            |    61 |   155 |   119 ||   335
